 Dungeon Crawl Stone Soup version 0.24.0 (webtiles) character file.

Game seed: 16017201034566011375, levelgen mode: deterministic

345 Ayyar the Distorting Demonspawn (level 6, -11/48 HPs)
             Began as a Demonspawn Abyssal Knight on Mar 26, 2020.
             Was a Believer of Lugonu.
             Killed by nerve-wracking pain
             ... invoked by an orc priest
              (13 damage)
             ... on level 3 of the Dungeon on Mar 28, 2020.
             The game lasted 00:17:23 (4217 turns).

Ayyar the Distorting Demonspawn (DsAK)              Turns: 4217, Time: 00:17:24

Health: -11/48     AC: 13    Str: 15    XL:     6   Next: 32%
Magic:  9/9        EV:  7    Int: 13    God:    Lugonu [**....]
Gold:   189        SH:  0    Dex: 12    Spells: 5/5 levels left

rFire    . . .     SeeInvis .   a - +1 spear
rCold    . . .     Gourm    .   (no shield)
rNeg     . . .     Faith    .   u - +0 chain mail
rPois    .         Spirit   .   (helmet restricted)
rElec    .         Reflect  .   k - +0 cloak
rCorr    .         Harm     .   l - +0 pair of gloves
MR       .....                  (no boots)
Stlth    ..........             (no amulet)
HPRegen  0.16/turn              (no ring)
MPRegen  0.11/turn              (no ring)

@: no status effects
A: antennae 1, iridescent scales 1, rot immunity
a: Depart the Abyss, Bend Space, Renounce Religion


You were on level 3 of the Dungeon.
You worshipped Lugonu.
Lugonu was pleased with you.
You were not hungry.

You visited 1 branch of the dungeon, and saw 4 of its levels.
You visited the Abyss 1 time.

You collected 189 gold pieces.

Inventory:

Hand Weapons
 a - a +1 spear (weapon)
Armour
 k - a +0 cloak (worn)
 l - a +0 pair of gloves (worn)
 u - a +0 chain mail (worn)
Jewellery
 q - an uncursed amulet of rage
Wands
 r - a wand of paralysis (7)
Scrolls
 d - 2 scrolls of identify
 e - 4 scrolls of remove curse
 h - 2 scrolls of amnesia {unknown}
 j - 2 scrolls of teleportation {unknown}
 o - a scroll of immolation {unknown}
 s - a scroll of random uselessness {unknown}
Potions
 b - a potion of curing {unknown}
 g - a potion of berserk rage
 m - a potion of degeneration {unknown}
 n - a potion of flight {unknown}
 p - a potion of heal wounds {unknown}
 t - a potion of resistance {unknown}
Comestibles
 c - 6 rations


   Skills:
 + Level 4.1 Fighting
 + Level 3.1 Polearms
 + Level 3.1 Armour
 + Level 2.5 Dodging
 + Level 4.4 Invocations


You had 5 spell levels left.
You didn't know any spells.
Your spell library was empty.

Dungeon Overview and Level Annotations

Branches:
Dungeon (4/15)
 Temple: D:4-7

Altars:
Fedhas
Sif Muna
Xom
Zin

Annotations:
D:4 Ijyb


Innate Abilities, Weirdness & Mutations

You have a pair of small antennae on your head.
You are partially covered in iridescent scales. (AC +2)
You are immune to rotting.


Message History

Beogh smites you! The orc hits you but does no damage.
Your chain mail prevents you from hitting the orc priest.
The orc priest mumbles some strange prayers to Beogh against you.
Beogh smites you! The orc hits you with a +0 club.
You barely miss the orc priest.
The orc priest hits you but does no damage.
Your chain mail prevents you from hitting the orc priest.
The orc hits you with a +0 club.
You hit the orc priest.
The orc priest is lightly wounded.
The orc priest invokes the aid of Beogh against you.
Pain shoots through your body!
* * * LOW HITPOINT WARNING * * *
The orc hits you with a +0 club.
* * * LOW HITPOINT WARNING * * *
You hit the orc priest.
The orc priest is lightly wounded.
The orc priest invokes the aid of Beogh against you.
Pain shoots through your body!
You die...

..#........>..................#
A.#..########################.#
###..# #.......#.÷...# #.#
_....# #.#####.#.###.######.#
....## #.# #.#.#..........#
##### #.# #.#.#.#.########
###### #.# #.#.#.#.#
###....###.#####o#...#.#
...............o@#####.#
#.#....###.####### #.# #.######
#.# #.# #.# #.###########=# #.#
#.....÷.......# #.#
############### #.# #.# #.#


You could see an orc priest and an orc.

Vanquished Creatures
  A hound (D:3)
  A centaur skeleton (D:4)
  2 orc wizards (D:3)
  An iguana (D:4)
  A worker ant (D:3)
  Terence (D:3)
  6 adders
  2 oozes (D:1)
  4 worms
  A dart slug (D:2)
  5 orcs
  4 giant cockroaches
  6 goblins
  11 hobgoblins
  5 jackals
  3 kobolds
  3 quokkas
  2 ball pythons
  11 bats
  3 frilled lizards
  14 rats
87 creatures vanquished.

Notes
Turn   | Place    | Note
-------+----------+-------------------------------------------
     0 | Abyss:1  | Ayyar the Demonspawn Abyssal Knight began the quest for the
                  | Orb.
     0 | Abyss:1  | Reached XP level 1. HP: 18/18 MP: 2/2
    61 | Abyss:1  | Noticed a quasit
   115 | Abyss:1  | Noticed a small abomination
   118 | D:1      | Escaped the Abyss
   128 | D:1      | Reached skill level 1 in Dodging
   165 | D:1      | Gained mutation: You have a pair of small antennae on your
                  | head. [demonic ancestry]
   165 | D:1      | Reached XP level 2. HP: 18/24 MP: 4/4
   181 | D:1      | Reached * piety under Lugonu
   373 | D:1      | Gained mutation: You are partially covered in iridescent
                  | scales. (AC +2) [demonic ancestry]
   373 | D:1      | Reached XP level 3. HP: 16/29 MP: 5/5
  1353 | D:2      | Reached ** piety under Lugonu
  1447 | D:2      | Reached XP level 4. HP: 35/35 MP: 6/6
  2066 | D:2      | Found a shimmering blue altar of Sif Muna.
  2145 | D:3      | Noticed an angel
  2146 | D:3      | Found a glowing silver altar of Zin.
  2164 | D:3      | Found a shimmering altar of Xom.
  2523 | D:3      | Found a blossoming altar of Fedhas.
  2703 | D:3      | Noticed Terence
  2723 | D:3      | Killed Terence
  2723 | D:3      | Gained mutation: You are immune to rotting. [demonic
                  | ancestry]
  2723 | D:3      | Reached XP level 5. HP: 36/42 MP: 7/7
  3765 | D:3      | Reached XP level 6. HP: 26/48 MP: 9/9
  3906 | D:4      | Noticed Ijyb
  3949 | D:3      | Reached *** piety under Lugonu
  4216 | D:3      | HP: 2/48 [orc/+0 club (5)]
  4217 | D:3      | Killed from afar by an orc priest

Levels and vault maps discovered:
D:1:      erik_arrival_gehennom, layout_basic
D:2:      layout_basic, lemuel_blue_sif_altar, first_ration
D:3:      layout_basic, grunt_temple_overflow_order_and_chaos_1,
          lemuel_doored_altar, uniq_terence
D:4:      layout_basic, nicolae_ru_the_path_less_chosen, uniq_ijyb
